 Dungeon Crawl Stone Soup version 0.29.1-13-g9f3cf754e1 (webtiles) character file.

Game seed: 11340644944269688852

17304 eliilek the Blocker (level 12, -6/107 HPs)
             Began as a Minotaur Fighter on Jan 26, 2023.
             Was a Plaything of Xom.
             Mangled by an elephant (11 damage)
             ... on level 2 of the Lair of Beasts on Feb 6, 2023.
             The game lasted 00:42:52 (11956 turns).

eliilek the Blocker (Minotaur Fighter)             Turns: 11956, Time: 00:42:52

Health: -6/107     AC: 18    Str: 24 (25) XL:     12   Next: 17%
Magic:  20/20      EV: 10    Int:  4      God:    Xom [.....*]
Gold:   687        SH: 20    Dex: 16 (17) Spells: 11/11 levels left

rFire   + . .      SeeInvis .   a - +5 mace of Boocw {vorpal, MP+9 Dex+3}
rCold   + . .      Faith    .   d - +2 kite shield {AC+3}
rNeg    . . .      Spirit   .   F - +0 steam dragon scales
rPois   +          Reflect  +   (helmet restricted)
rElec   .          Harm     .   v - +0 cloak
rCorr   .          Rampage  .   u - +2 pair of gloves
Will    .....                   m - +1 pair of boots {Fly}
Stlth   +.........              q - amulet of reflection
HPRegen 0.27/turn               O - ring of protection from fire
MPRegen 0.17/turn               y - ring of poison resistance

@: flying, slowed, studying Armour, unable to read, very slow
A: horns 2, retaliatory headbutt, iridescent scales 1, cold resistance 1,
deformed body, deterioration 1, strong 1, evolution 1, inability to read after
injury 2
a: Renounce Religion


You were on level 2 of the Lair of Beasts.
You worshipped Xom.
You were Xom's teddy bear.
You visited 2 branches of the dungeon, and saw 10 of its levels.

You collected 687 gold pieces.

Inventory:

Hand Weapons
 a - the +5 mace of Boocw (weapon) {vorpal, MP+9 Dex+3}
   (You found it on level 6 of the Dungeon)

   It inflicts extra damage upon your enemies.
   Dex:       It affects your dexterity (+3).
   MP:        It affects your magic capacity (+9).
Missiles
 b - 5 curare-tipped darts
 g - 89 stones (quivered)
 A - 6 atropa-tipped darts
 K - 31 poisoned darts
Armour
 d - a +2 kite shield of protection (worn)
 m - a +1 pair of boots of flying (worn)
 u - a +2 pair of gloves (worn)
 v - a +0 cloak (worn)
 F - +0 steam dragon scales (worn)
Jewellery
 q - an amulet of reflection (around neck)
 s - a ring of flight
 y - a ring of poison resistance (right hand)
 O - a ring of protection from fire (left hand)
 P - an amulet of faith
Wands
 w - a wand of flame (15)
 H - a wand of iceblast (7)
Scrolls
 c - a scroll of amnesia
 e - 2 scrolls of teleportation
 f - 2 scrolls of enchant weapon
 j - a scroll of blinking
 k - 3 scrolls of identify
 B - 2 scrolls of summoning
 J - a scroll of fear
 M - a scroll of brand weapon
 N - a scroll of enchant armour
Potions
 h - a potion of heal wounds
 i - 4 potions of curing
 p - a potion of flight
 r - a potion of magic {unknown}
 x - a potion of might
 C - a potion of haste {unknown}
 D - a potion of resistance {unknown}
 E - 4 potions of ambrosia {unknown}
 L - a potion of mutation {unknown}


   Skills:
 + Level 10.5 Fighting
 - Level 14.0 Maces & Flails
 + Level 13.3 Armour
 * Level 14.3 Shields


You had 11 spell levels left.
You didn't know any spells.
Your spell library contained the following spells:

 Spells                   Type           Power      Damage    Failure   Level
 Apportation              Tloc           0%         N/A       71%         1
 Freeze                   Ice            0%         1d3       71%         1
 Magic Dart               Conj           0%         1d3       71%         1
 Necrotise                Necr           0%         1d4       71%         1
 Summon Small Mammal      Summ           0%         N/A       71%         1
 Call Imp                 Summ           0%         N/A       83%         2
 Frozen Ramparts          Ice            0%         1d1       97%         3
 Mephitic Cloud           Conj/Pois/Air  0%         N/A       97%         3
 Hailstorm                Conj/Ice       0%         3d3       100%        4


Dungeon Overview and Level Annotations

Branches:
Dungeon (8/15)             Temple (0/1) D:5            Lair (2/5) D:8
 Shoals (0/4) Lair:2        Snake (0/4) Lair:2

Altars:
Gozag
Vehumet
Xom
Yredelemnul


Innate Abilities, Weirdness & Mutations

You have a pair of horns on your head.
You reflexively headbutt those who attack you in melee.
You are partially covered in iridescent scales. (AC +2)
Your flesh is cold resistant. (rC+)
Armour fits poorly on your strangely shaped body.
Your body sometimes deteriorates upon taking damage.
Your muscles are strong. (Str +4, Int/Dex -1)
You have hidden genetic potential.
You sometimes lose the ability to read scrolls when taking damage.


Message History

You hit the torpor snail.
You headbutt the torpor snail, but do no damage.
The torpor snail is moderately wounded.
You block the elephant's attack.
The elephant trunk-slaps you but does no damage.
The elephant tramples you.
* * * LOW HITPOINT WARNING * * *
You hold your ground!
You block the elephant's attack.
Your ufetubus hits the torpor snail but does no damage.
Your ufetubus hits the torpor snail.
The torpor snail barely misses your ufetubus.
Okay, then.
You hit the torpor snail.
The torpor snail is moderately wounded.
You block the elephant's attack. The elephant trunk-slaps you.
* * * LOW HITPOINT WARNING * * *
The elephant tramples you but does no damage.
The elephant closely misses you.
Your iron imp hits the elephant but does no damage.
Your ufetubus hits the torpor snail but does no damage. x2
You hit the torpor snail. You headbutt the torpor snail!
The torpor snail is heavily wounded.
The elephant closely misses you. You block the elephant's attack.
The elephant closely misses you.
The elephant trunk-slaps you but does no damage.
Your sun demon hits the elephant!
The elephant is engulfed in flames!
You block the torpor snail's attack.
Your ufetubus hits the torpor snail but does no damage. x2
Your iron imp hits the elephant!
You hit the torpor snail but do no damage.
You headbutt the torpor snail, but do no damage.
The torpor snail is heavily wounded.
The elephant tramples you!
* * * LOW HITPOINT WARNING * * *
You hold your ground!
You block the elephant's attack. x3
Your sun demon hits the elephant!!
The elephant is engulfed in flames!
The torpor snail bites you but does no damage.
Your ufetubus hits the torpor snail but does no damage. x2
The elephant tramples you!
You die...

*,,,, * **,,,* **,
..#**,,*,* *,,...#, *** *
.....,,* ##### ,* #....,,*
##...## * * *......**
###.....## , * ,..#...#*
###........## , *,,
#....P####...........#
,,,,,* *
#....)#@3.........### ,
,,, **#....#wYY.........##
,, ,,,
#.#...#5.5..........# ,,
,,,,
,.....#.............## , ,
,,,........#.............#
, ,
,,,.c......#............##
,,
***.#......##...........#
, ,
**.##....*.#..........# ,,
* * *#....,#.........###


You could see 2 elephants, a torpor snail (ally target), a friendly sun demon
(summoned, slow), a friendly iron imp (summoned, slow) and a friendly ufetubus
(summoned, slow).

Vanquished Creatures
  A boulder beetle (Lair:1)
  A satyr (Lair:1)
  2 death yaks (Lair:2)
  A tengu warrior (D:8)
  A deep elf pyromancer (D:8)
  An ugly thing (D:8)
  3 elephants (Lair:2)
  Joseph (D:7)
  A black mamba (Lair:1)
  7 cane toads
  2 komodo dragons
  A polar bear (D:8)
  Prince Ribbit (D:6)
  Eustachio (D:6)
  15 yaks
  A steam dragon (D:8)
  3 basilisks
  7 water moccasins
  Duvessa (D:5)
  4 sky beasts (D:7)
  An ice beast (D:7)
  An orc warrior (D:8)
  5 black bears
  2 ogres
  3 centaurs
  2 phantoms (D:5)
  2 kobold brigands
  8 bullfrogs
  Blork the orc (D:6)
  4 scorpions
  Dowan (D:5)
  35 killer bees
  2 howler monkeys
  A jelly (D:4)
  3 hounds
  3 orc priests
  Crazy Yiuf (D:7)
  A gnoll bouda (D:5)
  3 iguanas
  5 orc wizards
  8 gnolls
  7 adders
  A river rat (Lair:2)
  A shadow imp (D:8)
  A white imp (D:8)
  2 worms (D:3)
  3 dart slugs
  26 orcs
  11 ball pythons
  4 bats
  8 endoplasms
  2 giant cockroaches (D:4)
  5 goblins
  9 hobgoblins
  2 jackals (D:1)
  7 quokkas
  2 frilled lizards
  17 kobolds
  7 rats
262 creatures vanquished.

Vanquished Creatures (collateral kills)
  Pikel (D:6)
  A killer bee (D:8)
  A howler monkey (D:7)
  A goblin (D:4)
  A ball python (D:3)
  A kobold (D:3)
6 creatures vanquished.

Vanquished Creatures (others)
  An iguana (D:5)
  55 fungi
  69 plants
125 creatures vanquished.

Grand Total: 393 creatures vanquished

Notes
Turn   | Place    | Note
-------+----------+-------------------------------------------
     0 | D:1      | eliilek the Minotaur Fighter began the quest for the Orb.
     0 | D:1      | Reached XP level 1. HP: 19/19 MP: 0/0
   440 | D:1      | Found a faded altar of an unknown god.
   452 | D:1      | Prayed at the altar of an unknown god.
   452 | D:1      | Became a worshipper of Xom of Chaos
   495 | D:1      | Reached XP level 2. HP: 25/27 MP: 1/1
  1002 | D:1      | XOM: divination: magic mapping
  1297 | D:2      | XOM: divination: detect creatures
  1308 | D:2      | Reached XP level 3. HP: 33/33 MP: 2/2
  1323 | D:2      | XOM: butterfly on damage
  1332 | D:2      | Reached XP level 4. HP: 22/40 MP: 3/3
  1479 | D:2      | Identified the +8 sling "Femirih" {freeze, rF+++ Will-
                  | Str+3 Int-3}
  1909 | D:3      | XOM: stat loss: -1 Dex (11/12)
  2009 | D:3      | XOM is BORED!
  2009 | D:3      | XOM: 3-stop teleportation journey
  2012 | D:3      | XOM: summons friendly crimson imp
  2015 | D:3      | Reached skill level 5 in Shields
  2015 | D:3      | Reached XP level 5. HP: 46/46 MP: 4/4
  2661 | D:4      | XOM: god gift: plate armour {god gift}
  2715 | D:4      | XOM: cast spell 'Call Canine Familiar'
  2792 | D:4      | XOM: 1-stop teleportation journey
  2875 | D:4      | XOM: noise
  2948 | D:4      | Reached XP level 6. HP: 50/53 MP: 5/5
  3167 | D:4      | Reached skill level 5 in Maces & Flails
  3260 | D:4      | Reached skill level 5 in Armour
  3367 | D:4      | XOM: potion effect (curing)
  3375 | D:4      | Reached skill level 5 in Fighting
  3446 | D:4      | XOM: give mutations
  3446 | D:4      | Gained mutation: You are partially covered in iridescent
                  | scales. (AC +2) [Xom's mischief]
  3446 | D:4      | Gained mutation: Armour fits poorly on your strangely
                  | shaped body. [Xom's mischief]
  3446 | D:4      | Gained mutation: Your body sometimes deteriorates upon
                  | taking damage. [Xom's mischief]
  3448 | D:4      | XOM: god gift: chain mail {god gift}
  3649 | D:5      | Entered Level 5 of the Dungeon
  3776 | D:5      | Reached XP level 7. HP: 51/61 MP: 6/6
  4093 | D:5      | Noticed Duvessa
  4097 | D:5      | Noticed Dowan
  4105 | D:5      | XOM: enchant monster (good)
  4106 | D:5      | Killed Duvessa
  4116 | D:5      | Killed Dowan
  4417 | D:5      | Reached XP level 8. HP: 70/70 MP: 7/7
  4469 | D:5      | XOM: god gift: potion of might
  4525 | D:5      | Found a staircase to the Ecumenical Temple.
  4687 | D:5      | Found an opulent altar of Gozag.
  4692 | D:5      | XOM: confuse monster(s)
  5007 | D:5      | XOM: god gift: 11 gold pieces
  5328 | D:6      | Noticed Pikel
  5334 | D:6      | XOM: cast spell 'Chain of Chaos'
  5336 | D:6      | XOM: summons 2 friendly demons
  5340 | D:6      | Killed Pikel
  5341 | D:6      | Identified the +5 mace of Boocw {vorpal, MP+9 Dex+3}
  5502 | D:6      | Noticed Blork the orc
  5513 | D:6      | Killed Blork the orc
  5549 | D:6      | Noticed Prince Ribbit
  5550 | D:6      | Noticed Maggie
  5566 | D:6      | Killed Prince Ribbit
  5566 | D:6      | Noticed Maggie
  5566 | D:6      | Maggie changed into Maggie the bullfrog
  5566 | D:6      | XOM: polymorph Maggie -> Maggie the bullfrog
  5567 | D:6      | Reached XP level 9. HP: 25/78 MP: 8/8
  5572 | D:6      | Killed Maggie the bullfrog
  5923 | D:6      | Noticed Eustachio
  5937 | D:6      | Killed Eustachio
  6090 | D:6      | Identified the +8 falchion "Feseil" {vorpal, rPois rF-
                  | Int-3 Stlth+}
  6682 | D:7      | Noticed Joseph
  6696 | D:7      | Killed Joseph
  6697 | D:7      | Reached skill level 10 in Shields
  6698 | D:7      | XOM: 2-stop teleportation journey
  6809 | D:7      | XOM: summons friendly quasit
  6820 | D:7      | XOM: divination: magic mapping
  6914 | D:7      | XOM: god gift: 53 gold pieces
  6995 | D:7      | Identified the +8 halberd of Plog {speed, rPois Will- MP+9
                  | Int+6}
  7065 | D:7      | XOM: 5-stop teleportation journey
  7084 | D:7      | XOM: scenery: create altars
  7189 | D:7      | Found a runed translucent door.
  7190 | D:7      | Noticed Crazy Yiuf
  7196 | D:7      | Killed Crazy Yiuf
  7396 | D:8      | Reached skill level 10 in Maces & Flails
  7428 | D:8      | Reached XP level 10. HP: 80/88 MP: 9/9
  7526 | D:8      | XOM: enchant monster (bad)
  7635 | D:8      | XOM: confuse monster(s)
  7672 | D:8      | Found a staircase to the Lair.
  7678 | D:8      | XOM: give mutations
  7678 | D:8      | Gained mutation: Your flesh is cold resistant. (rC+) [Xom's
                  | grace]
  7678 | D:8      | Gained mutation: Your muscles are strong. (Str +4, Int/Dex
                  | -1) [Xom's grace]
  7678 | D:8      | Gained mutation: You expend magic power (3 MP) to
                  | strengthen your wands. [Xom's grace]
  7741 | D:8      | XOM: cast spell 'Summon Mana Viper'
  7746 | D:8      | Reached skill level 10 in Armour
  7755 | D:8      | Found a basalt altar of Yredelemnul.
  7840 | D:8      | XOM: noise
  7891 | D:8      | Noticed a cyan ugly thing
  7925 | D:8      | Killed a cyan ugly thing
  8078 | D:8      | XOM: give mutation
  8078 | D:8      | Gained mutation: You have hidden genetic potential. [Xom's
                  | grace]
  8101 | D:8      | Noticed a deep elf pyromancer
  8112 | D:8      | Killed a deep elf pyromancer
  8167 | D:8      | Noticed a tengu warrior
  8168 | D:8      | XOM: fog
  8174 | D:8      | XOM: butterfly on damage
  8181 | D:8      | XOM: cast spell 'Olgreb's Toxic Radiance'
  8194 | D:8      | XOM: divination: magic mapping
  8201 | D:8      | Killed a tengu warrior
  8621 | D:8      | XOM: silly message
  8716 | D:8      | Found a radiant altar of Vehumet.
  8829 | Lair:1   | Entered Level 1 of the Lair of Beasts
  8829 | Lair:1   | Noticed a cane toad
  8838 | D:8      | XOM: 3-stop teleportation journey
  8915 | D:8      | XOM: summons 2 friendly demons
  8922 | D:8      | Killed a cane toad
  8989 | D:8      | XOM: give mutation
  8989 | D:8      | Gained mutation: You occasionally lose the ability to read
                  | scrolls when taking damage. [Xom's mischief]
  8998 | D:8      | Reached XP level 11. HP: 84/97 MP: 10/10
  9166 | D:8      | XOM: noise
  9583 | D:8      | XOM: give mutations
  9583 | D:8      | Gained mutation: You sometimes lose the ability to read
                  | scrolls when taking damage. [Xom's mischief]
  9583 | D:8      | Lost mutation: You expend magic power (3 MP) to strengthen
                  | your wands. [Xom's mischief]
  9608 | Lair:1   | XOM: repel stairs
  9700 | Lair:1   | Noticed a boulder beetle
  9700 | Lair:1   | XOM: scenery: create altars
  9720 | Lair:1   | XOM: chaos cloud
  9725 | Lair:1   | XOM: fog
  9732 | Lair:1   | Killed a boulder beetle
  9918 | Lair:1   | XOM: 3-stop teleportation journey
 10024 | Lair:1   | XOM: enchant monster (bad)
 10044 | Lair:1   | Gained mutation: You are covered in fur. (AC +1) [hidden
                  | potential]
 10301 | Lair:1   | Noticed an eight-headed hydra
 10308 | Lair:1   | Noticed a satyr
 10308 | Lair:1   | an eight-headed hydra changed into a satyr
 10308 | Lair:1   | XOM: polymorph eight-headed hydra -> satyr
 10319 | Lair:1   | XOM: noise
 10321 | Lair:1   | Killed a satyr
 10677 | Lair:1   | XOM: give mutation
 10677 | Lair:1   | Lost mutation: You are covered in fur. (AC +1) [Xom's
                  | mischief]
 10812 | Lair:2   | Found a staircase to the Snake Pit.
 10817 | Lair:2   | XOM: silly message
 10820 | Lair:2   | XOM: silly message
 11094 | Lair:2   | XOM: cast spell 'Summon Ice Beast'
 11098 | Lair:2   | XOM: noise
 11107 | Lair:2   | Reached skill level 10 in Fighting
 11210 | Lair:2   | XOM: fog
 11214 | Lair:2   | XOM: summons friendly quasit
 11251 | Lair:2   | XOM: summons friendly crimson imp
 11260 | Lair:2   | XOM: stat loss: -1 Dex (15/16)
 11470 | Lair:2   | XOM: 1-stop teleportation journey
 11473 | Lair:2   | XOM: smoke on damage
 11522 | Lair:2   | XOM: god gift: +2 kite shield of protection
 11718 | Lair:2   | Reached XP level 12. HP: 103/107 MP: 11/11
 11787 | Lair:2   | Noticed a death yak
 11791 | Lair:2   | XOM: divination: magic mapping
 11802 | Lair:2   | Noticed a death yak
 11806 | Lair:2   | XOM: confuse monster(s)
 11807 | Lair:2   | XOM: summons 3 friendly demons
 11815 | Lair:2   | Killed a death yak
 11824 | Lair:2   | Killed a death yak
 11931 | Lair:2   | XOM: divination: magic mapping
 11948 | Lair:2   | HP: 4/107 [elephant (10)]
 11952 | Lair:2   | XOM: summons 3 friendly demons
 11956 | Lair:2   | HP: 5/107 [elephant (14)]
 11956 | Lair:2   | Mangled by an elephant

Illustrated notes

Levels and vault maps discovered:
D:1:      psy_arrival_whirlpool, layout_loops_ring,
          shapermc_ecumenical_altar_starsandcircs, serial_co_window_serial,
          co_window_of_opportunity_a, co_window_paths_b,
          co_window_of_opportunity_a, co_window_paths_b, co_window_paths_b,
          co_window_of_opportunity_a, co_window_paths_b, co_window_corner_ca,
          co_window_broadway_c, co_window_2corner, co_window_4corner_b
D:2:      layout_rooms
D:3:      layout_loops_ring
D:4:      minmay_opposing_rooms, layout_loops_ring, minivault_1
D:5:      layout_basic, mainiacjoe_overflow_cross_hatched,
          lemuel_temple_firewalk_a, uniq_duvessa
D:6:      layout_basic, uniq_prince_ribbit1, uniq_eustachio, uniq_pikel,
          uniq_blork_the_orc, uniq_maggie
D:7:      layout_loops_ring, uniq_crazy_yiuf_cottage, uniq_joseph
D:8:      layout_basic, fiery_altar_vehumet, general_overflow_altar,
          due_lair_maze_entry_diamond, minmay_diamond_spiral
Lair:1:   layout_hall_layers
Lair:2:   regret_index_wax_grids, layout_cave_pods,
          minmay_shoals_entry_centaurs, dummy_snake_entry

Skill      XL: |  1  2  3  4  5  6  7  8  9 10 11 12 |
---------------+-------------------------------------+-----
Shields        | 4 5 6 7 9 10 12 14 | 14.3
Maces & Flails | 3 4 5 6 8 10 11 13 14 | 14.0
Armour         | 4 5 7 9 11 13 | 13.3
Fighting       | 4 5 6 7 9 10 | 10.5

Action                   |  1- 3 |  4- 6 |  7- 9 | 10-12 || total
-------------------------+-------+-------+-------+-------++-------
Melee: Flail             |    58 |   152 |    87 |       ||   297
       Headbutt          |     7 |    23 |    54 |   109 ||   193
       Mace              |       |       |   137 |   425 ||   562
Throw: Stone             |     1 |     1 |     4 |    17 ||    23
  Use: Potion            |       |     1 |       |     6 ||     7
       Scroll            |       |       |       |    19 ||    19
 Stab: Paralysed         |       |       |     1 |       ||     1
       Confused          |       |       |     1 |     6 ||     7
       Sleeping          |       |       |     1 |     1 ||     2
       Distracted        |       |       |       |     2 ||     2
Armor: Scale mail        |    24 |     9 |       |       ||    33
       Plate armour      |       |    41 |    48 |       ||    89
       Chain mail        |       |     5 |       |       ||     5
       Steam dragon scal |       |       |    39 |   141 ||   180
Dodge: Dodged            |    22 |    30 |    42 |   131 ||   225
Block: Buckler           |    16 |    60 |   103 |   204 ||   383
       Reflection        |       |     3 |       |     5 ||     8
       Kite shield       |       |       |       |    77 ||    77
